Map: [ESL] Babylon

Players

Bunny

  • Race: Terran Terran

HeroMarine - Winner!

  • Race: Terran Terran

Event: IEM Katowice 2023

VOD

Have the link to the VOD?

Description

Time

  • Played on: Feb. 11, 2023, 8:31 a.m.
  • Length: 10:49

All games in this series

Show
View Real Time Build Order
Export as new Build Order

Bunny Terran 

Build Orders:  

Get SALT Encoding   

  12  0:00  SCV  
  13  0:12  SCV  
  14  0:17  Supply Depot  
  14  0:24  SCV  
  15  0:38  SCV  
  15  0:39  Barracks  
  16  0:43  Refinery  
  16  0:50  SCV  
  16  0:53  Refinery  
  17  1:02  SCV  
  18  1:14  SCV  
  19  1:26  Orbital Command, Reaper  
  19  1:29  Supply Depot  
  20  1:42  Factory  
  20  1:52  SCV  
  21  1:58  Reaper  
  22  2:04  SCV  
  23  2:16  SCV  
  24  2:23  Command Center  
  24  2:27  Hellion  
  24  2:28  SCV  
  27  2:32  Reaper  
  28  2:37  Supply Depot  
  28  2:41  SCV  
  29  2:48  Hellion  
  31  2:57  Starport  
  31  2:59  SCV  
  31  3:04  Barracks Reactor  
  32  3:09  Factory Tech Lab  
  32  3:11  SCV  
  33  3:23  SCV  
  34  3:28  Cyclone  
  37  3:35  Orbital Command  
  37  3:36  Starport Tech Lab  
  37  3:38  SCV  
  37  3:41  Marine x2  
  40  3:49  Refinery  
  40  3:50  SCV  
  38  3:57  Raven  
  38  4:00  Marine x2  
  38  4:02  SCV  
  40  4:12  SCV  
  40  4:14  SCV  
  40  4:18  Marine  
  40  4:23  Marine  
  40  4:24  SCV  
  40  4:26  SCV  
  40  4:28  Siege Tank  
  40  4:31  Raven  
  47  4:36  Marine  
  47  4:37  SCV  
  47  4:38  SCV  
  50  4:40  Marine  
  50  4:42  Supply Depot  
  51  4:49  SCV  
  51  4:50  SCV  
  53  4:53  Supply Depot  
  53  4:55  Marine  
  53  4:59  Supply Depot  
  54  5:03  Siege Tank  
  57  5:09  SCV x2  
  56  5:21  Viking x2  
  56  5:22  Marine  
  56  5:23  SCV  
  56  5:24  SCV  
  56  5:27  Stimpack  
  63  5:34  Refinery  
  66  5:35  Siege Tank  
  66  5:38  SCV  
  66  5:40  Marine, SCV  
  69  5:48  Supply Depot  
  69  5:51  Viking  
  69  5:52  Viking  
  69  5:54  SCV  
  69  5:55  SCV  
  75  5:57  Marine  
  76  6:06  Supply Depot  
  76  6:09  Siege Tank  
  79  6:11  SCV  
  79  6:12  SCV  
  81  6:22  Marine  
  81  6:24  Viking x2  
  86  6:29  SCV x2  
  88  6:40  Marine  
  88  6:45  Command Center, SCV x2  
  91  6:47  Siege Tank  
  94  6:58  Supply Depot  
  90  7:13  Viking  
  90  7:14  Viking  
  83  7:19  Marine, Siege Tank  
  85  7:26  Combat Shield  
  85  7:28  Barracks, SCV x2  
  87  7:30  Barracks  
  84  7:37  Marine, Supply Depot  
  84  7:38  Engineering Bay  
  84  7:43  Viking  
  66  7:44  Viking  
  87  7:47  SCV x2  
  91  7:52  Siege Tank  
  94  7:58  Orbital Command  
  94  8:05  Engineering Bay  
  94  8:07  SCV x2  
  94  8:08  Marine  
  97  8:13  Viking  
  97  8:16  Viking  
  101  8:20  Barracks Reactor x2  
  101  8:25  Siege Tank  
  104  8:29  Marine  
  104  8:31  SCV x3  
  106  8:46  SCV x3  
  106  8:47  Terran Infantry Armor Level 1  
  106  8:48  Terran Infantry Weapons Level 1  
  109  8:51  Viking x2  
  113  9:01  SCV x3  
  116  9:03  Marine x4  
  116  9:06  Barracks  
  116  9:07  Marine  
  116  9:09  Barracks  
  117  9:10  Siege Tank  
  117  9:16  Refinery x2  
  120  9:18  Sensor Tower  
  115  9:26  Marine x5  
  108  9:34  SCV  
  108  9:35  SCV x2  
  105  9:42  Viking  
  105  9:43  Siege Tank, Viking  
  105  9:44  Marine x3  
  115  9:54  Supply Depot  
  113  10:04  Barracks Reactor  
  94  10:08  Marine x5  
  88  10:15  Siege Tank, Medivac  
  88  10:16  Medivac  
  95  10:21  Armory  
  95  10:22  Supply Depot  
  95  10:25  Marine  
  95  10:26  Marine x3  
  99  10:29  Marine  
  81  10:42  Barracks Reactor  
Show
View Real Time Build Order
Export as new Build Order

HeroMarine Terran - Winner!

Build Orders:  

Get SALT Encoding   

  12  0:00  SCV  
  13  0:12  SCV  
  14  0:17  Supply Depot  
  14  0:24  SCV  
  15  0:38  SCV  
  15  0:39  Barracks  
  16  0:44  Refinery  
  16  0:50  SCV  
  16  0:54  Refinery  
  17  1:02  SCV  
  18  1:15  SCV  
  19  1:26  Reaper  
  19  1:27  Orbital Command  
  19  1:29  Supply Depot  
  20  1:41  Factory  
  20  1:52  SCV  
  21  1:59  Barracks Reactor  
  21  2:04  SCV  
  22  2:15  Command Center  
  22  2:18  SCV  
  23  2:25  Hellion  
  25  2:31  SCV  
  25  2:35  Reaper x2  
  28  2:38  Supply Depot  
  28  2:45  SCV  
  28  2:46  Hellion  
  31  2:56  Starport  
  31  2:59  SCV  
  32  3:07  Reaper x2  
  32  3:09  Hellion  
  32  3:11  SCV  
  37  3:19  Refinery  
  37  3:23  SCV  
  38  3:31  Factory Tech Lab  
  39  3:36  Orbital Command, Starport Tech Lab  
  39  3:38  SCV  
  39  3:39  Marine x2  
  41  3:50  SCV  
  40  3:57  Marine  
  40  3:58  Marine, Cyclone  
  40  4:00  Raven  
  40  4:02  SCV  
  46  4:10  SCV  
  46  4:14  SCV  
  46  4:15  Marine x2  
  48  4:23  SCV  
  47  4:25  Supply Depot  
  47  4:26  SCV  
  47  4:30  Siege Tank  
  51  4:36  Raven  
  54  4:40  Command Center  
  54  4:41  SCV  
  54  4:47  SCV  
  54  4:49  Marine, Supply Depot  
  54  4:51  Marine  
  57  4:54  SCV  
  57  4:59  SCV  
  57  5:02  Siege Tank  
  57  5:06  SCV  
  61  5:11  SCV  
  59  5:18  SCV  
  59  5:20  Viking x2  
  64  5:22  Marine, Stimpack  
  64  5:23  SCV  
  64  5:26  Refinery  
  64  5:27  Supply Depot  
  66  5:33  SCV  
  66  5:35  Siege Tank  
  70  5:37  SCV  
  70  5:48  Marine, SCV  
  70  5:49  SCV, Supply Depot  
  73  5:50  Viking x2  
  73  5:53  Orbital Command  
  77  6:00  SCV  
  77  6:01  SCV  
  79  6:05  Supply Depot  
  79  6:07  Siege Tank  
  81  6:13  SCV x2  
  81  6:14  Marine  
  83  6:22  Viking  
  83  6:23  Viking  
  83  6:25  SCV  
  85  6:32  Marine  
  85  6:34  Barracks  
  85  6:35  Barracks  
  85  6:39  Siege Tank  
  87  6:41  SCV x2  
  89  6:50  Marine  
  89  6:52  Viking  
  89  6:53  Viking  
  95  6:59  Orbital Command  
  95  7:00  SCV x2  
  96  7:08  Marine  
  85  7:11  Siege Tank  
  85  7:12  SCV x2  
  88  7:22  Viking  
  85  7:23  Viking  
  85  7:24  SCV x2, Barracks Reactor  
  85  7:25  Barracks Reactor  
  85  7:26  Marine  
  85  7:27  Orbital Command  
  90  7:31  Engineering Bay x2  
  90  7:34  Combat Shield  
  90  7:36  SCV x2  
  91  7:44  Marine  
  91  7:47  Siege Tank  
  91  7:48  SCV x2  
  97  7:52  Refinery  
  97  7:54  Refinery  
  101  7:59  Barracks  
  101  8:00  Terran Infantry Armor Level 1, Terran Infantry Weapons Level 1, SCV x2  
  101  8:01  Marine, Barracks  
  101  8:02  SCV  
  101  8:06  Marine x2  
  101  8:07  Marine x2  
  101  8:12  SCV x2  
  107  8:16  Sensor Tower  
  107  8:17  Supply Depot x2  
  107  8:18  Supply Depot  
  107  8:19  Marine  
  108  8:21  Siege Tank  
  108  8:24  Marine, SCV  
  108  8:25  SCV, Supply Depot  
  108  8:26  SCV  
  115  8:28  Marine x2  
  115  8:29  Marine  
  117  8:35  Supply Depot  
  117  8:39  Marine  
  120  8:41  Marine  
  120  8:44  Viking  
  120  8:45  Viking  
  120  8:47  Marine x3  
  120  8:48  Barracks Reactor  
  125  8:49  Barracks Reactor  
  125  8:51  Supply Depot  
  125  8:53  Siege Tank  
  127  8:57  Marine  
  127  8:59  Marine  
  128  9:05  Marine x3  
  127  9:14  Marine, Viking, SCV  
  127  9:15  Viking, SCV x2  
  127  9:17  Marine, Command Center  
  135  9:18  Sensor Tower  
  135  9:22  Marine  
  135  9:23  Marine x2  
  132  9:25  Marine x4  
  132  9:26  SCV  
  132  9:27  SCV x2  
  125  9:32  Marine  
  125  9:35  Marine  
  124  9:39  Siege Tank  
  124  9:40  Marine x2  
  124  9:41  Marine  
  124  9:42  Armory  
  124  9:43  Marine x4  
  134  9:50  Marine  
  135  9:53  Marine  
  135  9:58  Marine x3  
  139  10:00  Marine  
  139  10:01  Marine x3  
  132  10:09  Medivac x2  
  132  10:11  Marine, SCV  
  132  10:16  Marine x3  
  132  10:18  Marine x2  
  132  10:19  Marine x2  
  141  10:22  Factory  
  141  10:28  Marine  
  141  10:30  Barracks Reactor  

Tags
 
Add a new tag
Caveats
  • Supply blocks, unpowered buildings, or Contaminate may cause inaccurate times.
  • Supply counts are checked every 10 seconds.